 Dungeon Crawl Stone Soup version 0.31-a0-466-g98c9adc2b6 (webtiles) character file.

Game seed: 4713980303652497320

226 horus123 the Magician (level 5, -2/28 HPs)
             Began as a Deep Elf Earth Elementalist on Aug 5, 2023.
             Slain by Crazy Yiuf
             ... wielding a +3 quarterstaff of chaos
              (8 damage)
             ... on level 3 of the Dungeon.
             The game lasted 00:04:09 (2951 turns).

horus123 the Magician (Deep Elf Earth Elementalist) Turns: 2951, Time: 00:04:10

Health: -2/28      AC:  6    Str:  5    XL:     5   Next: 69%
Magic:  12/16      EV: 12    Int: 22    God:
Gold:   213        SH:  0    Dex: 15    Spells: 14/18 levels left

rFire   . . .        f - +2 dagger (freeze)
rCold   . . .        (no shield)
rNeg    . . .        a - +0 robe
rPois   .            d - +0 helmet
rElec   .            (no cloak)
rCorr   .            l - +2 pair of gloves
SInv    .            (no boots)
Will    .....        (no amulet)
Stlth   ++           (no ring)
HPRegen 0.24/turn    (no ring)
MPRegen 0.15/turn

%: no passive effects
@: lethally poisoned (-2 -> -9)
A: no striking features
a: no special abilities


You were on level 3 of the Dungeon.
You visited 1 branch of the dungeon, and saw 3 of its levels.

You collected 213 gold pieces.

Inventory:

Hand Weapons
 f - a +2 dagger of freezing (weapon)
Armour
 a - a +0 robe (worn)
 d - a +0 helmet (worn)
 l - a +2 pair of gloves (worn)
 r - an orb of energy
Jewellery
 i - a ring of fire
Scrolls
 c - 2 scrolls of immolation {unknown}
 e - a scroll of noise {unknown}
 g - 3 scrolls of identify {unknown}
 k - 2 scrolls of blinking {unknown}
 m - a scroll of torment {unknown}
 n - a scroll of fear {unknown}
 p - a scroll of poison {unknown}
Potions
 b - a potion of magic
 h - a potion of berserk rage {unknown}
 j - a potion of might {unknown}
 o - 2 potions of ambrosia {unknown}
 q - a potion of curing {unknown}


   Skills:
 - Level 2.4 Dodging
 - Level 2.4 Stealth
 - Level 7.0 Spellcasting
 - Level 1.1 Transmutations
 + Level 4.7 Earth Magic


You had 14 spell levels left.
You knew the following spells:

 Your Spells              Type           Power      Damage    Failure   Level
a - Sandblast             Erth           56%        2d13      1%          1
b - Stone Arrow           Conj/Erth      36%        3d9       10%         3

Your spell library contained the following spells:

 Spells                   Type           Power      Damage    Failure   Level
 Passwall                 Tmut/Erth      16%        N/A       3%          2
 Petrify                  Tmut/Erth      20%        N/A       24%         4


Dungeon Overview and Level Annotations

Branches:
Dungeon (3/15)

Altars:

Annotations:
D:3 Crazy Yiuf


Message History

You open the door.
There is an open door here.
You now have 213 gold pieces (gained 15).
Found a stone staircase leading up.
There is an open door here.
There is an open door here.
Things that are here:
a +0 club; a +0 leather armour; a +0 short sword
Items here: )))) [[.
You see here a +0 club.
You open the door.
Unknown command.
Aiming: Sandblast (safe; 1% risk of failure)
Press: ? - help, Q - select action Shift-Dir - straight line, f - Crazy Yiuf
Aim: Crazy Yiuf, wielding a +3 quarterstaff of chaos and wearing a +0 cloak (wandering, hasn't noticed you, 85% to hit)
The blast of sand hits Crazy Yiuf.
Crazy Yiuf is moderately wounded.
Crazy Yiuf shouts!
Aiming: Sandblast (safe; 1% risk of failure)
Press: ? - help, Q - select action Shift-Dir - straight line, f/p - Crazy Yiuf
Aim: Crazy Yiuf, wielding a +3 quarterstaff of chaos and wearing a +0 cloak (moderately wounded, 85% to hit)
The blast of sand misses Crazy Yiuf.
Crazy Yiuf hits you with a +3 quarterstaff of chaos!
You are lethally poisoned!
Crazy Yiuf closely misses you.
Aiming: Sandblast (safe; 1% risk of failure)
Press: ? - help, Q - select action Shift-Dir - straight line, f/p - Crazy Yiuf
Aim: Crazy Yiuf, wielding a +3 quarterstaff of chaos and wearing a +0 cloak (moderately wounded, 85% to hit)
The blast of sand misses Crazy Yiuf.
You feel very sick. Crazy Yiuf closely misses you.
Aiming: Sandblast (safe; 1% risk of failure)
Press: ? - help, Q - select action Shift-Dir - straight line, f/p - Crazy Yiuf
Aim: Crazy Yiuf, wielding a +3 quarterstaff of chaos and wearing a +0 cloak (moderately wounded, 85% to hit)
The blast of sand hits Crazy Yiuf!
Crazy Yiuf is almost dead.
* * * LOW HITPOINT WARNING * * *
You feel very sick.
Crazy Yiuf hits you with a +3 quarterstaff of chaos!
You die...

####### ......# ......#
......# ##### ......# #)..#
......# #...# #### ......# ...
#... ......# #g# ####### #.#.
......# ♣@♣♣ #.....###.#.
......# ♣♣.♣ #.....#<..#.
......###### ♣.♣♣ #.....#####.
...........# ♣♣.♣ #.....'.....
...........# ♣♣.♣♣
#.....#.#... ####.......#
♣♣...♣ #.....#.#.#. #.......#
♣.♣..♣ #.....#.#.#. #.......#
#....# #.....#.....
#.......####....###....[..#...


You could see Crazy Yiuf.

Vanquished Creatures
  An orc priest (D:3)
  An iguana (D:3)
  4 gnolls (D:2)
  5 adders
  A worm (D:2)
  2 dart slugs
  9 orcs
  5 ball pythons
  5 bats
  7 endoplasms
  5 hobgoblins
  3 jackals (D:1)
  6 kobolds
  2 quokkas
  4 frilled lizards
  8 goblins
  2 rats
70 creatures vanquished.

Notes
Turn   | Place    | Note
-------+----------+-------------------------------------------
     0 | D:1      | horus123 the Deep Elf Earth Elementalist began the quest
                  | for the Orb.
     0 | D:1      | Reached XP level 1. HP: 10/10 MP: 6/6
   168 | D:1      | Reached skill level 4 in Spellcasting
   168 | D:1      | Reached XP level 2. HP: 15/15 MP: 6/9
   830 | D:2      | Reached XP level 3. HP: 19/19 MP: 9/11
   831 | D:2      | Reached skill level 5 in Spellcasting
   835 | D:2      | Learned a level 3 spell: Stone Arrow
  1499 | D:2      | Reached XP level 4. HP: 20/21 MP: 9/13
  1501 | D:2      | Reached skill level 6 in Spellcasting
  2218 | D:2      | Reached skill level 7 in Spellcasting
  2358 | D:3      | Reached XP level 5. HP: 28/28 MP: 14/16
  2792 | D:3      | Found a runed translucent door.
  2793 | D:3      | Noticed Crazy Yiuf
  2951 | D:3      | Slain by Crazy Yiuf

Illustrated notes

Levels and vault maps discovered:
D:1:      spicycebolla_green_bress_n_ham_2, layout_basic
D:2:      layout_basic, serial_bayou_pond_e, minmay_misc_feat_more_columns,
          guppyfry_early_orc_mine
D:3:      layout_basic, kennysheep_generic_room_10, uniq_crazy_yiuf_cottage

Skill      XL: |  1  2  3  4  5 |
---------------+----------------+-----
Spellcasting   | 4 5 7 |  7.0
Earth Magic    | 4 |  4.7
Dodging        | |  2.4
Stealth        | |  2.4
Transmutations | |  1.1

Action                     |  1- 3 |  4- 6 || total
---------------------------+-------+-------++-------
  Melee: Dagger            |    10 |       ||    10
   Cast: Sandblast         |    57 |    49 ||   106
 Armour: Robe              |    12 |       ||    12
  Dodge: Dodged            |    29 |     4 ||    33

Table legend: (Time is in decaauts)
 A = Elapsed time spent in this place.
 B = Non-inter-level travel time spent in this place.
 C = Inter-level travel time spent in this place.
 D = Time resting spent in this place.
 E = Time spent auto-exploring this place.
 F = Levels seen in this place.
 G = Mean time per level.
                   A        B        C        D        E       F      G
               +--------+--------+--------+--------+--------+-----+--------+
         Total |   3006 |   2968 |     38 |    202 |   2369 |   3 | 1002.0 |
       Dungeon |   3006 |   2968 |     38 |    202 |   2369 |   3 | 1002.0 |
               +--------+--------+--------+--------+--------+-----+--------+

Top non-repeatable levels by time:
     D:2: 1524 daAuts
     D:1: 790 daAuts
     D:3: 691 daAuts
